 Dungeon Crawl Stone Soup version 0.31-a0-940-gdaa99269f9 (webtiles) character file.

Game seed: 8826832468344827828

5716 Dylgear the Cleaver (level 11, -4/86 HPs)
             Began as a Formicid Fighter on Oct 21, 2023.
             Was a Follower of Wu Jian.
             Slain by a hornet (13 damage)
             ... on level 10 of the Dungeon.
             The game lasted 00:21:22 (8963 turns).

Dylgear the Cleaver (Formicid Fighter)              Turns: 8963, Time: 00:21:23

Health: -4/86      AC: 15    Str: 23    XL:     11   Next: 5%
Magic:  11/11      EV:  7    Int:  8    God:    Wu Jian [*.....]
Gold:   479        SH:  6    Dex: 15    Spells: 10/10 levels left

rFire   . . .        a - +4 war axe (flame)
rCold   . . .        c - +0 buckler
rNeg    . . .        m - +0 plate armour
rPois   .            (helmet unavailable)
rElec   .            i - +0 cloak
rCorr   .            (no gloves)
SInv    +            (no boots)
Will    +....        (no amulet) Stlth
                     (no ring)
HPRegen 0.34/turn    (no ring)
MPRegen 0.12/turn

%: no passive effects
@: no status effects
A: permanent stasis, dig shafts and tunnels, antennae 3, four strong arms
a: Dig, Shaft Self, Renounce Religion


You were on level 10 of the Dungeon.
You worshipped Wu Jian.
Wu Jian was aware of your devotion.
You visited 2 branches of the dungeon, and saw 11 of its levels.

You collected 479 gold pieces.

Inventory:

Hand Weapons
 a - a +4 war axe of flaming (weapon)
 n - a +4 hand axe of freezing
Missiles
 g - 9 boomerangs
Armour
 c - a +0 buckler (worn)
 f - a +0 chain mail
 i - a +0 cloak (worn)
 m - a +0 plate armour (worn)
Jewellery
 k - a +4 ring of slaying
 l - a ring of positive energy
 x - an amulet of regeneration
Talismans
 h - a beast talisman
Wands
 b - a wand of polymorph (8)
 w - a wand of mindburst (8)
Scrolls
 e - a scroll of brand weapon
 r - 3 scrolls of amnesia
 s - a scroll of vulnerability
 t - 2 scrolls of poison
Potions
 d - a potion of might
 j - 2 potions of curing
 o - 2 potions of cancellation
 p - 2 potions of brilliance
 q - 2 potions of enlightenment
 u - 2 potions of resistance
 v - a potion of heal wounds {unknown}


   Skills:
 * Level 8.1 Fighting
 * Level 11.7 Axes
 * Level 8.2 Armour
 + Level 0.4 Dodging
 + Level 0.2 Stealth
 * Level 7.4 Shields


You had 10 spell levels left.
You didn't know any spells.
Your spell library contained the following spells:

 Spells                   Type           Power      Damage    Failure   Level
 Sandblast                Erth           0%         2d4       100%        1
 Cigotuvi's Dreadful Rot  Necr/Pois/Air  0%         N/A       100%        2
 Ensorcelled Hibernation  Hex/Ice        0%         N/A       100%        2
 Passwall                 Tmut/Erth      0%         N/A       100%        2
 Sublimation of Blood     Necr           0%         N/A       100%        2
 Wereblood                Tmut           0%         N/A       100%        2
 Stone Arrow              Conj/Erth      0%         3d7       100%        3
 Brom's Barrelling Bould  Conj/Erth      0%         2d3       100%        4
 Dispel Undead            Necr           0%         3d6       100%        4
 Leda's Liquefaction      Hex/Erth       0%         N/A       100%        4
 Lee's Rapid Deconstruct  Erth           0%         3d4*      100%        5
 Bombard                  Conj/Erth      0%         9d1       100%        6
 Death Channel            Necr           0%         N/A       100%        6
 Summon Hydra             Summ           0%         N/A       100%        7
 Swiftness                Air            Unusable   N/A       N/A         3

Dungeon Overview and Level Annotations

Branches:
Dungeon (10/15)            Temple (1/1) D:7
   Lair: D:8-11         Orc: D:9-12

Altars:
Ashenzari
Cheibriados
Dithmenos
Elyvilon
Fedhas
Gozag
Hepliaklqana
Kikubaaqudgha
Makhleb
Nemelex Xobeh
Okawaru
Qazlal
Ru
Sif Muna
Trog
Vehumet
Wu Jian
Xom
Yredelemnul
Zin
The Shining One

Shops:
D:7 :   D:8 ?   D:9 :


Innate Abilities, Weirdness & Mutations

You cannot be hasted, slowed, berserked, paralysed or teleported.
You can dig through walls and to a lower floor.
You have a pair of large antennae on your head. (SInv)
Your four strong arms can wield two-handed weapons with a shield.


Message History

Unknown command.
You are too injured to fight recklessly!
Unknown command.
You are too injured to fight recklessly!
Unknown command.
You are too injured to fight recklessly!
Unknown command.
You are too injured to fight recklessly!
You are too injured to fight recklessly!
You are too injured to fight recklessly!
You barely miss the howler monkey.
The howler monkey is heavily wounded.
You hit the hornet. You burn the hornet.
* * * LOW HITPOINT WARNING * * *
You feel extremely sick. The hornet barely misses you.
You block the howler monkey's attack. You block the hornet's attack.
You hit the howler monkey. You burn the howler monkey.
The howler monkey is severely wounded.
You barely miss the hornet.
* * * LOW HITPOINT WARNING * * *
You feel very sick. The howler monkey hits you.
* * * LOW HITPOINT WARNING * * *
The hornet stings you but does no damage.
The howler monkey hits you but does no damage.
You slash the howler monkey! You burn the howler monkey.
You kill the howler monkey!
The Council accepts your kill.
You hit the hornet but do no damage.
* * * LOW HITPOINT WARNING * * *
You feel very sick. The hornet stings you.
* * * LOW HITPOINT WARNING * * *
Your stasis prevents you from being slowed.
Unknown command.
Unknown command.
Unknown command.
You feel better. The hornet barely misses you. The hornet stings you!
You die...

. ..
######.
#.....
#...#
#...####
#<.....#
#......#
#@.....#
#y.....#
#......#
#......#
#......#
#......#
#......#
#......#


You could see a hornet.

Vanquished Creatures
  A two-headed ogre (D:8)
  2 hornets
  7 yaks (D:8)
  A wyvern (D:9)
  Grum (D:8)
  3 steam dragons
  Duvessa (D:5)
  An ice beast (D:6)
  2 orc warriors
  A black bear (D:5)
  An ogre (D:5)
  3 wolves (D:8)
  A centaur (D:9)
  A phantom (D:5)
  4 bullfrogs
  2 scorpions
  A gnoll sergeant (D:8)
  3 wights (D:7)
  Dowan (D:5)
  4 killer bees
  5 howler monkeys
  9 orc priests
  A jelly (D:6)
  Crazy Yiuf (D:5)
  2 gnoll boudas (D:6)
  3 sleepcaps
  6 iguanas
  6 orc wizards
  17 gnolls
  7 adders
  A shadow imp (D:7)
  2 ufetubi (D:5)
  34 orcs
  3 endoplasms
  3 giant cockroaches
  3 goblins
  4 hobgoblins
  6 jackals
  4 quokkas
  2 ball pythons
  5 bats
  3 kobolds
  7 rats
175 creatures vanquished.

Notes
Turn   | Place    | Note
-------+----------+-------------------------------------------
     0 | D:1      | Dylgear the Formicid Fighter began the quest for the Orb.
     0 | D:1      | Reached XP level 1. HP: 18/18 MP: 1/1
   252 | D:1      | Reached XP level 2. HP: 24/24 MP: 2/2
   739 | D:2      | Reached XP level 3. HP: 17/28 MP: 3/3
   889 | D:2      | Found a faded altar of an unknown god.
  1272 | D:2      | Reached XP level 4. HP: 26/37 MP: 4/4
  1717 | D:3      | Reached skill level 3 in Axes
  1717 | D:3      | Reached XP level 5. HP: 6/42 MP: 5/5
  2830 | D:4      | Reached XP level 6. HP: 44/48 MP: 6/6
  2989 | D:5      | Entered Level 5 of the Dungeon
  2996 | D:5      | Reached skill level 4 in Axes
  3100 | D:5      | Reached skill level 5 in Axes
  3125 | D:5      | Reached XP level 7. HP: 55/55 MP: 7/7
  3352 | D:5      | Reached skill level 5 in Shields
  3414 | D:5      | Noticed Duvessa
  3416 | D:5      | Noticed Dowan
  3426 | D:5      | Killed Duvessa
  3427 | D:5      | Reached skill level 6 in Axes
  3427 | D:5      | Reached skill level 5 in Armour
  3438 | D:5      | Killed Dowan
  3439 | D:5      | Reached XP level 8. HP: 53/61 MP: 8/8
  3814 | D:5      | Found a runed translucent door.
  3815 | D:5      | Noticed Crazy Yiuf
  3821 | D:5      | Killed Crazy Yiuf
  3921 | D:5      | Reached skill level 7 in Axes
  4152 | D:6      | Reached skill level 5 in Fighting
  4336 | D:6      | Reached skill level 8 in Axes
  4601 | D:6      | Reached XP level 9. HP: 51/68 MP: 9/9
  5508 | D:7      | Noticed a hornet
  5519 | D:6      | Killed a hornet
  5640 | D:7      | Found a staircase to the Ecumenical Temple.
  5653 | Temple   | Entered the Ecumenical Temple
  5666 | Temple   | Became a worshipper of the Wu Jian Council
  5705 | D:7      | Reached skill level 9 in Axes
  5992 | D:7      | Found Iratopee's Self-Published Books.
  6345 | D:8      | Found a transporter.
  6346 | D:8      | Found a transporter.
  6350 | D:8      | Found a transporter.
  6462 | D:8      | Reached skill level 10 in Axes
  6462 | D:8      | Reached XP level 10. HP: 48/77 MP: 10/10
  6665 | D:8      | Found Kuhaups's Magic Scroll Shop.
  6703 | D:8      | Noticed a two-headed ogre
  6976 | D:8      | Killed a two-headed ogre
  7188 | D:8      | Reached skill level 11 in Axes
  7369 | D:8      | Reached * piety under Wu Jian
  7539 | D:8      | Found a transporter.
  7569 | D:8      | Noticed Grum
  7577 | D:8      | Killed Grum
  8547 | D:9      | Reached XP level 11. HP: 71/86 MP: 11/11
  8639 | D:9      | Found Maybbel's Book Shop.
  8949 | D:10     | Entered Level 10 of the Dungeon
  8962 | D:10     | HP: 4/86 [hornet (5)]
  8963 | D:10     | Slain by a hornet

Illustrated notes

Levels and vault maps discovered:
D:1:      lightli_arrival_isolated_outpost, layout_loops_ring
D:2:      layout_basic, shapermc_ecumenical_altar_petra,
          kennysheep_generic_room_11
D:3:      layout_loops_cross, minmay_misc_feat_enclosed
D:4:      layout_gridville
D:5:      minmay_angry_zag, layout_loops_ring, uniq_crazy_yiuf_cottage,
          uniq_duvessa
D:6:      layout_cave_pods, nicolae_ossuary_entry_ruins
D:7:      layout_cave_pools, minmay_temple_entry_waves, nicolae_custom_books
D:8:      layout_gridville, nicolae_stop_n_shop_1, nicolae_transporter_circle,
          uniq_grum
D:9:      layout_irregular_city, serial_shops, nicolae_shop_crystal
D:10:     layout_basic, mainiacjoe_overflow_24_doors, david_orc_1_choice
Temple:   compressed_dpeg_triangle_lava_temple

Skill      XL: |  1  2  3  4  5  6  7  8  9 10 |
---------------+-------------------------------+-----
Armour         | 4 5 6 8 |  8.2
Fighting       | 4 5 6 8 |  8.1
Axes           | 3 5 6 8 10 11 | 11.7
Shields        | 5 6 7 |  7.4
Dodging        | |  0.4
Stealth        | |  0.2

Action                     |  1- 3 |  4- 6 |  7- 9 | 10-12 || total
---------------------------+-------+-------+-------+-------++-------
  Melee: War axe           |    64 |   106 |   186 |   131 ||   487
Ability: Dig               |       |     2 |       |       ||     2
         Lunge             |       |       |     3 |    12 ||    15
    Use: Scroll            |     4 |     5 |     9 |     1 ||    19
         Potion            |     1 |     2 |     2 |     1 ||     6
 Armour: Scale mail        |    16 |       |       |       ||    16
         Chain mail        |    47 |    54 |       |       ||   101
         Plate armour      |       |    33 |   170 |   139 ||   342
         Skin              |       |       |     5 |       ||     5
  Dodge: Dodged            |    51 |    28 |    64 |    50 ||   193
  Block: Buckler           |    17 |    24 |    45 |    39 ||   125

Table legend: (Time is in decaauts)
 A = Elapsed time spent in this place.
 B = Non-inter-level travel time spent in this place.
 C = Inter-level travel time spent in this place.
 D = Time resting spent in this place.
 E = Time spent auto-exploring this place.
 F = Levels seen in this place.
 G = Mean time per level.
                   A        B        C        D        E       F      G
               +--------+--------+--------+--------+--------+-----+--------+
         Total |   9059 |   8608 |    451 |   1166 |   5309 |  11 |  823.5 |
       Dungeon |   9032 |   8581 |    451 |   1166 |   5309 |  10 |  903.2 |
        Temple |     26 |     26 |      0 |      0 |      0 |   1 |   26.0 |
               +--------+--------+--------+--------+--------+-----+--------+

Top non-repeatable levels by time:
     D:8: 1846 daAuts
     D:6: 1405 daAuts
     D:5: 1216 daAuts
     D:3: 931 daAuts
     D:9: 904 daAuts
     D:2: 839 daAuts
     D:1: 731 daAuts
     D:7: 592 daAuts
     D:4: 551 daAuts
  Temple: 26 daAuts
    D:10: 13 daAuts
